 Dungeon Crawl Stone Soup version 0.16.2-12-gd0ad4c3 (webtiles) character file.

4472 faibistes the Thaumaturge (level 10, -1/59 HPs)
             Began as a Deep Elf Wizard on Feb 18, 2018.
             Was a Believer of Sif Muna.
             Shot with a bolt by an orc warrior (17 damage)
             ... in a bailey.
             The game lasted 00:39:52 (14002 turns).

faibistes the Thaumaturge (Deep Elf Wizard)        Turns: 14002, Time: 00:39:53

Health: -1/59      AC:  5    Str:  4    XL:     10   Next: 15%
Magic:  40/50      EV: 15    Int: 27    God:    Sif Muna [**....]
Gold:   529        SH:  0    Dex: 13    Spells: 8 memorised, 17 levels left

rFire  . . .     SeeInvis .     w - +1 dagger (venom)
rCold  . . .     Clarity  .     a - +0 robe
rNeg   . . .     SustAb   .     (no shield)
rPois  .         Gourm    .     b - +0 hat
rElec  .         Spirit   .     z - +2 cloak
rCorr  .         Warding  .     (no gloves)
rMut   .         Stasis   .     (no boots)
MR     +....                    (no amulet)
Stlth  ++........               H - ring of magical power
                                q - ring of magical power

@: somewhat resistant to hostile enchantments, unstealthy
A: no striking features
a: Channel Energy, Forget Spell, Renounce Religion


You were in a bailey.
You worshipped Sif Muna.
Sif Muna was pleased with you.
You were not hungry.

You visited 2 branches of the dungeon, and saw 10 of its levels.
You also visited: Ossuary and Bailey.

You collected 529 gold pieces.

Inventory:

Hand weapons
 g - a +2 dagger of draining
 u - a +2 dagger of electrocution
 w - a +1 dagger of venom (weapon)
Armour
 a - a +0 robe (worn)
 b - a +0 hat (worn)
 z - a +2 cloak (worn)
Jewellery
 q - a ring of magical power (left hand)
 B - an uncursed ring of teleport control
 H - a ring of magical power (right hand)
Magical devices
 i - a wand of confusion (21)
 D - a wand of slowing (14)
Scrolls
 p - a scroll of fog
 x - a scroll of fear
 y - 2 scrolls of immolation
 C - a scroll of amnesia
 E - a scroll of remove curse
 F - a scroll of teleportation
Potions
 e - a potion of heal wounds
 f - 2 potions of lignification
 k - a potion of berserk rage
 l - a potion of cure mutation
 m - 6 potions of curing
 r - 3 potions of agility
 s - a potion of restore abilities {unknown}
 t - 3 potions of ambrosia
 v - 2 potions of might
 I - a potion of invisibility {unknown}
Books
 c - a book of Minor Magic

   Spells                             Type                      Level
   a - Magic Dart                     Conjuration                  1
   b - Blink                          Translocation                2
   c - Call Imp                       Summoning                    2
   d - Repel Missiles                 Charms/Air                   2
   e - Slow                           Hexes                        2
   f - Conjure Flame                  Conjuration/Fire             3
   g - Mephitic Cloud                 Conjuration/Poison/Air       3
 j - a book of Cantrips

   Spells                             Type                      Level
   a - Corona                         Hexes                        1
   b - Animate Skeleton               Necromancy                   1
   c - Summon Small Mammal            Summoning                    1
   d - Apportation                    Translocation                1
 o - a book of Enchantments

   Spells                             Type                      Level
   a - Tukima's Dance                 Hexes                        3
   b - Cause Fear                     Hexes                        4
   c - Silence                        Hexes/Air                    5
   d - Deflect Missiles               Charms/Air                   6
   e - Haste                          Charms                       6
   f - Discord                        Hexes                        8
 J - a book of Annihilations {highlevel}

   This book is beyond your current level of understanding.

   Spells                             Type                      Level
   a - Poison Arrow                   Conjuration/Poison           6
   b - Chain Lightning                Conjuration/Air              8
   c - Lehudib's Crystal Spear        Conjuration/Earth            8
   d - Glaciate                       Conjuration/Ice              9
   e - Fire Storm                     Conjuration/Fire             9
Comestibles
 d - 9 bread rations
 h - 7 meat rations


   Skills:
 - Level 5.2 Fighting
 + Level 7.1 Dodging
 - Level 2.4 Stealth
 * Level 11.5 Spellcasting
 * Level 5.7 Conjurations
 * Level 3.4 Summonings
 - Level 2.5 Translocations
 - Level 2.6 Fire Magic
 * Level 3.0 Air Magic
 + Level 2.1 Poison Magic
 - Level 3.9 Evocations


You had 17 spell levels left.
You knew the following spells:

 Your Spells              Type           Power        Failure   Level  Hunger
a - Magic Dart            Conj           ####         1%          1    None
b - Conjure Flame         Conj/Fire      #####...     1%          3    None
c - Call Imp              Summ           ####....     1%          2    None
d - Blink                 Tloc           N/A          1%          2    None
e - Mephitic Cloud        Conj/Pois/Air  #####...     2%          3    None
f - Repel Missiles        Chrm/Air       ###...       3%          2    None
g - Animate Skeleton      Necr           N/A          4%          1    None
h - Apportation           Tloc           ####......   1%          1    None


Dungeon Overview and Level Annotations

Branches:
Dungeon (9/15)             Temple (1/1) D:7
   Lair: D:8-11         Orc: D:9-12

Altars:
Ashenzari
Cheibriados
Elyvilon
Fedhas
Gozag
Kikubaaqudgha
Makhleb
Nemelex Xobeh
Okawaru
Qazlal
Ru
Sif Muna
Trog
Vehumet
Xom
Yredelemnul
Zin
The Shining One


Message History

The orc is engulfed in noxious fumes.
The orc appears confused.
The orc is engulfed in noxious fumes.
The orc appears confused.
The orc is engulfed in noxious fumes.
The orc appears confused.
The orc mumbles something.
The orc is engulfed in noxious fumes.
The orc appears confused.
The orc is engulfed in noxious fumes.
The orc appears confused.
You see here 3 bolts.
The orc is engulfed in noxious fumes.
The orc appears confused.
The orc falls into the water!
The orc drowns.
You hear a splash. x3
The orc is engulfed in noxious fumes.
The orc appears confused.
You hear a splash. x3
You feel a bit more experienced.
Your magical contamination has completely faded away.
An orc warrior comes into view. It is wielding an arbalest.
The orc warrior shoots a bolt.
The bolt closely misses you.
You see here 2 bolts.
The orc warrior shoots a bolt.
The bolt hits you!
You die...

####################
..................∩#
................@∩.#
...............(...#
(...............(..#
...................#
...................#
.......≈≈≈≈≈.......#
......≈≈#.#≈≈......#
......≈##.##≈......#
......≈..^..≈..o...#


You could see an orc warrior.

Vanquished Creatures
  Grinder (D:5)
  A spriggan (D:7)
  2 ice beasts
  2 sky beasts
  5 orc warriors
  An ogre (D:7)
  A centaur (D:6)
  3 giant frogs
  3 wights (D:7)
  2 scorpions
  10 killer bees
  5 electric eels (D:7)
  4 crimson imps
  A centaur zombie (D:5)
  18 jellies
  4 hounds
  2 giant frog skeletons
  An orc priest (D:4)
  A centaur skeleton (D:6)
  An iguana (D:6)
  8 orc wizards
  5 worker ants
  10 mummies (Ossuary)
  2 hound skeletons (D:5)
  Terence (D:2)
  Robin (D:1)
  4 adders
  4 gnolls (D:6)
  2 shadow imps
  2 worms
  8 giant geckos
  24 orcs
  12 bats
  5 giant cockroaches
  18 goblins
  26 hobgoblins
  15 jackals
  A quokka (D:4)
  3 ball pythons
  8 giant newts
  A giant newt zombie (D:7)
  2 giant spores (D:8)
  4 goblin skeletons (Ossuary)
  2 jackal skeletons (D:6)
  A jackal zombie (D:6)
  12 kobolds
  2 kobold skeletons (Ossuary)
  An orc skeleton (Ossuary)
  A quokka skeleton (D:5)
  15 rats
  8 rat skeletons (Ossuary)
  4 ballistomycetes (D:8)
280 creatures vanquished.

Vanquished Creatures (collateral kills)
  A killer bee (D:7)
  2 jellies (D:7)
  An orc wizard (D:5)
  3 mummies (Ossuary)
  2 orcs
  A goblin (D:1)
  5 jackals
  A rat (D:7)
  3 rat skeletons (Ossuary)
19 creatures vanquished.

Vanquished Creatures (others)
  2 crimson imps
  A giant frog skeleton (D:7)
  An orc wizard (D:4)
  A hound skeleton (D:6)
  4 white imps
  An orc (D:5)
  A giant newt skeleton (D:7)
  A goblin skeleton (Ossuary)
  2 hobgoblin skeletons (D:7)
  A kobold skeleton (D:5)
  3 orc skeletons
18 creatures vanquished.

Grand Total: 317 creatures vanquished

Notes
Turn   | Place    | Note
--------------------------------------------------------------
     0 | D:1      | faibistes, the Deep Elf Wizard, began the quest for the Orb.
     0 | D:1      | Reached XP level 1. HP: 10/10 MP: 6/6
   359 | D:1      | Reached XP level 2. HP: 15/15 MP: 4/10
   385 | D:1      | Learned a level 2 spell: Blink
   388 | D:1      | Learned a level 2 spell: Call Imp
  1175 | D:1      | Reached XP level 3. HP: 19/19 MP: 10/13
  1180 | D:1      | Learned a level 3 spell: Conjure Flame
  1184 | D:1      | Learned a level 3 spell: Mephitic Cloud
  1237 | D:4      | Reached skill level 5 in Spellcasting
  1368 | D:4      | Reached XP level 4. HP: 16/24 MP: 12/17
  1554 | D:4      | Found a bloodstained altar of Trog.
  1607 | D:4      | Found a sand-covered staircase.
  1619 | D:4      | Learned a level 2 spell: Repel Missiles
  1632 | Ossuary  | Entered an ossuary
  1638 | Ossuary  | Reached XP level 5. HP: 28/28 MP: 13/20
  1734 | Ossuary  | Reached skill level 6 in Spellcasting
  2822 | Ossuary  | Reached XP level 6. HP: 32/32 MP: 9/22
  3593 | D:2      | Noticed Terence
  3608 | D:2      | Killed Terence
  4708 | D:2      | Noticed Robin
  4901 | D:1      | Killed Robin
  5190 | D:3      | Found a snail-covered altar of Cheibriados.
  5336 | D:3      | Reached skill level 1 in Fighting
  5342 | D:3      | Reached skill level 7 in Spellcasting
  5487 | D:3      | Found a sacrificial altar of Ru.
  5728 | D:3      | Found a sparkling altar of Nemelex Xobeh.
  6103 | D:4      | Reached XP level 7. HP: 31/39 MP: 16/25
  6171 | D:5      | Entered Level 5 of the Dungeon
  6216 | D:4      | Found an ancient bone altar of Kikubaaqudgha.
  6450 | D:4      | Reached skill level 5 in Dodging
  7233 | D:5      | Noticed Grinder
  7246 | D:5      | Killed Grinder
  7246 | D:5      | Reached skill level 8 in Spellcasting
  7246 | D:5      | Reached skill level 1 in Evocations
  7448 | D:5      | Reached XP level 8. HP: 46/46 MP: 17/27
  7652 | D:5      | Found a shimmering altar of Xom.
  8063 | D:5      | Learned a level 1 spell: Animate Skeleton
  8167 | D:5      | Reached skill level 9 in Spellcasting
  9055 | D:2      | Learned a level 1 spell: Apportation
  9586 | D:6      | Found a basalt altar of Yredelemnul.
 10334 | D:6      | Reached skill level 10 in Spellcasting
 10559 | D:6      | Reached XP level 9. HP: 53/53 MP: 27/30
 10701 | D:6      | Found a burning altar of Makhleb.
 10777 | D:7      | Reached skill level 5 in Fighting
 11373 | D:7      | Found a staircase to the Ecumenical Temple.
 11394 | Temple   | Entered the Ecumenical Temple
 11563 | Temple   | Became a worshipper of Sif Muna the Loreminder
 11948 | D:7      | Reached skill level 1 in Fire Magic
 11958 | D:7      | Reached skill level 1 in Air Magic
 11987 | D:7      | Identified a scroll of acquirement
 12307 | D:7      | Acquired Sif Muna's first power
 12307 | D:7      | Reached skill level 1 in Poison Magic
 12501 | D:7      | Reached skill level 11 in Spellcasting
 12760 | D:7      | Reached skill level 5 in Conjurations
 13352 | D:8      | Reached XP level 10. HP: 39/59 MP: 32/32
 13790 | D:9      | Found a flagged portal.
 13799 | Bailey   | Entered a bailey
 13907 | Bailey   | Acquired Sif Muna's second power
 14002 | Bailey   | Shot with a bolt by an orc warrior

Action                   |  1- 3 |  4- 6 |  7- 9 | 10-12 || total
-------------------------+-------+-------+-------+-------++-------
Melee: Dagger            |     8 |     5 |    90 |     5 ||   108
       Club              |     1 |       |       |       ||     1
 Cast: Magic Dart        |    74 |   253 |   395 |    21 ||   743
       Call Imp          |     2 |    14 |     6 |       ||    22
       Mephitic Cloud    |     1 |     6 |    32 |    18 ||    57
       Conjure Flame     |       |    28 |    64 |     1 ||    93
       Repel Missiles    |       |     1 |     2 |     1 ||     4
       Blink             |       |     7 |    13 |     2 ||    22
       Animate Skeleton  |       |       |    19 |       ||    19
       Apportation       |       |       |     2 |       ||     2
Invok: Channel Energy    |       |       |     1 |       ||     1
Evoke: Wand              |       |       |     2 |     1 ||     3
  Use: Scroll            |     5 |     4 |    16 |     1 ||    26
       Potion            |       |       |     2 |     2 ||     4
 Stab: Confused          |       |       |     1 |       ||     1
  Eat: Chunk             |     1 |     9 |    20 |       ||    30
       Bread ration      |       |     1 |       |       ||     1
       Beef jerky        |       |     1 |     1 |       ||     2
       Fruit             |       |       |       |     3 ||     3
